 Dungeon Crawl Stone Soup version 0.30-a0-223-gcb0039aa0c (webtiles) character file.

Game seed: 17602387378714329421

473 qw the Chopper (level 7, -3/43 HPs)
             Began as a Gargoyle Fighter on Oct 9, 2022.
             Was an Initiate of Okawaru.
             Slain by a gnoll
             ... wielding a +0 spear
             ... led by a gnoll sergeant
              (4 damage)
             ... on level 5 of the Dungeon.
             The game lasted 00:01:19 (2971 turns).

qw the Chopper (Gargoyle Fighter)                   Turns: 2971, Time: 00:01:19

Health: -3/43      AC: 16    Str: 28    XL:     7   Next: 10%
Magic:  7/7        EV:  8    Int:  8    God:    Okawaru [......]
Gold:   294        SH:  4    Dex:  9    Spells: 6/6 levels left

rFire   . . .      SeeInvis +    Y - +2 war axe
rCold   + . .      Faith    .    c - +0 buckler
rNeg    + . .      Spirit   .    o - +0 chain mail
rPois   inf        Reflect  .    h - +0 helmet {SInv}
rElec   +          Harm     .    (no cloak)
rCorr   .          Rampage  .    l - +0 pair of gloves
Will    .....                    (no boots)
Stlth   ..........               (no amulet)
HPRegen 0.27/turn                k - +6 ring of strength
MPRegen 0.10/turn                t - ring of protection from cold

@: about to teleport
A: sickness immunity, AC +4, negative energy resistance 1, electricity
resistance, torment resistance 1, petrification resistance
a: Renounce Religion


You were on level 5 of the Dungeon.
You worshipped Okawaru.
Okawaru was noncommittal.
You visited 2 branches of the dungeon, and saw 6 of its levels.

You collected 294 gold pieces.


Innate Abilities, Weirdness & Mutations

You are immune to sickness and miasma.
Your stone body is resilient. (AC +4)
You are immune to poison.
You resist negative energy. (rN+)
You are resistant to electric shocks. (rElec)
You are resistant to unholy torment.
You are immune to petrification.


   Skills:
 - Level 4.2 Fighting
 + Level 6.1 Axes
 - Level 1.1 Throwing
 - Level 3.2 Armour
 - Level 1.0 Dodging
 - Level 3.2 Shields


You had 6 spell levels left.
You didn't know any spells.
Your spell library was empty.

Inventory:

Hand Weapons
 j - a +0 flail
 Y - a +2 war axe (weapon)
Missiles
 v - a javelin (quivered)
Armour
 c - a +0 buckler (worn)
 h - a +0 helmet of see invisible (worn)
 l - a +0 pair of gloves (worn)
 o - a +0 chain mail (worn)
Jewellery
 a - a ring of protection from cold
 k - a +6 ring of strength (left hand)
 p - a +6 ring of dexterity
 t - a ring of protection from cold (right hand)
Scrolls
 s - a scroll of identify
Potions
 d - 3 potions of might
 f - a potion of curing
 i - 2 potions of haste
 m - a potion of berserk rage {unknown}
 u - a potion of attraction

Dungeon Overview and Level Annotations

Branches:
Dungeon (5/15)             Temple (1/1) D:4

Altars:
Ashenzari
Cheibriados
Dithmenos
Elyvilon
Fedhas
Gozag
Hepliaklqana
Kikubaaqudgha
Makhleb
Nemelex Xobeh
Okawaru
Qazlal
Ru
Sif Muna
Trog
Uskayaw
Vehumet
Wu Jian
Xom
Yredelemnul
Zin
The Shining One

Shops:
D:3 :


Message History

Things that are here:
a +0 spear; a gnoll corpse You barely miss the gnoll sergeant.
You block the gnoll's attack.
The gnoll sergeant hits you but does no damage.
You slash the gnoll sergeant!
The gnoll sergeant is heavily wounded.
The gnoll barely misses you.
The gnoll sergeant hits you but does no damage. x2
The gnoll hits you from afar with a +0 spear.
You completely miss the gnoll sergeant.
The gnoll sergeant is heavily wounded.
A gnoll comes into view. It is wielding a +0 spear.
The gnoll hits you but does no damage. The gnoll sergeant barely misses you.
You slash the gnoll sergeant!
The gnoll sergeant is almost dead.
The gnoll sergeant barely misses you. The gnoll hits you but does no damage.
You barely miss the gnoll sergeant.
The gnoll sergeant is almost dead.
The gnoll sergeant hits you with a +0 trident!
The gnoll hits you from afar with a +0 spear.
You hit the gnoll sergeant.
You kill the gnoll sergeant!
Okawaru is honoured by your kill. The gnoll closely misses you.
The gnoll hits you from afar with a +0 spear.
Your Axes skill increases to level 6!
You have reached level 7!
The gnoll hits you from afar with a +0 spear.
The gnoll hits you with a +0 spear.
Things that are here:
a +0 trident; a +0 ring mail; a gnoll corpse
2970 ||| READING scroll of teleportation.
As you read the scroll of teleportation, it crumbles to dust.
You feel strangely unstable.
The gnoll hits you from afar with a +0 spear!
The gnoll hits you but does no damage.
You slash the gnoll!
The gnoll is heavily wounded.
The gnoll hits you with a +0 spear.
You die...

..# #.# #
#.##. ##.##
....
......#####.#
#gg@)...#####
#####.......#
#.......#
#.......#
#.......#
##.......#
#........#
#...<....#
#.###.#.##


You could see 2 gnolls.

Vanquished Creatures
  An ogre (D:4)
  A gnoll sergeant (D:5)
  A scorpion (D:4)
  Jessica (D:2)
  Natasha (thrice) (D:2)
  Robin (D:2)
  A gnoll (D:5)
  4 adders
  A worm (D:4)
  A dart slug (D:2)
  9 endoplasms
  4 giant cockroaches
  11 goblins
  19 hobgoblins
  11 jackals
  7 kobolds
  5 quokkas
  5 ball pythons
  6 bats
  3 frilled lizards
  4 rats
99 creatures vanquished.

Notes
Turn   | Place    | Note
-------+----------+-------------------------------------------
     0 | D:1      | qw the Gargoyle Fighter began the quest for the Orb.
     0 | D:1      | Reached XP level 1. HP: 14/14 MP: 1/1
     0 | D:1      | 0 ||| qw: Version: 0.2-a-17-g06abaee
     0 | D:1      | 0 ||| qw: Game counter: 2179
     0 | D:1      | 0 ||| qw: Always use a shield: true
     0 | D:1      | 0 ||| qw: God list: Okawaru
     0 | D:1      | 0 ||| qw: Allow faded altars: false
     0 | D:1      | 0 ||| qw: Do Orc after D:15 true
     0 | D:1      | 0 ||| qw: Do second Lair branch before Depths: true
     0 | D:1      | 0 ||| qw: Lair rune preference: random
     0 | D:1      | 0 ||| qw: Plans: Normal, Zot:1-4, God:TSO, Crypt, Tomb,
                  | Pan, Slime:5, Hells, Abyss, Orb
     0 | D:1      | 0 ||| PLANNING D:1-11
    29 | D:1      | Reached skill level 2 in Axes
    61 | D:1      | You fall into a shaft and drop 1 floor!
    69 | D:2      | Noticed Jessica
    72 | D:2      | 72 ||| Stepping ~*~*~tactically~*~*~ (hiding).
    77 | D:2      | Killed Jessica
    78 | D:2      | Reached skill level 3 in Axes
    78 | D:2      | Reached XP level 2. HP: 19/19 MP: 2/2
    78 | D:2      | Reached XP level 3. HP: 23/23 MP: 3/3
    94 | D:2      | 94 ||| Stepping ~*~*~tactically~*~*~ (stealth).
   188 | D:2      | 188 ||| Stepping ~*~*~tactically~*~*~ (stealth).
   191 | D:2      | 191 ||| Stepping ~*~*~tactically~*~*~ (stealth).
   196 | D:2      | Noticed Robin
   197 | D:2      | 197 ||| Stepping ~*~*~tactically~*~*~ (stealth).
   198 | D:2      | 198 ||| Stepping ~*~*~tactically~*~*~ (stealth).
   206 | D:2      | 206 ||| Stepping ~*~*~tactically~*~*~ (hiding).
   215 | D:2      | Killed Robin
   216 | D:2      | Reached XP level 4. HP: 24/28 MP: 4/4
   224 | D:2      | Reached skill level 4 in Axes
   224 | D:2      | 224 ||| Stepping ~*~*~tactically~*~*~ (stealth).
   238 | D:2      | 238 ||| Stepping ~*~*~tactically~*~*~ (stealth).
   303 | D:2      | 303 ||| Stepping ~*~*~tactically~*~*~ (hiding).
   314 | D:2      | 314 ||| UPGRADING to +0 helmet of see invisible.
   319 | D:2      | 319 ||| READING scroll labelled HOPAORROFE.
   320 | D:2      | 320 ||| READING scroll labelled KAKUMUATIA.
   321 | D:2      | 321 ||| READING scroll labelled JIT UTAT JAMUS.
   322 | D:2      | 322 ||| DRINKING 2 emerald potions.
   323 | D:2      | 323 ||| DROPPING potion of invisibility.
   651 | D:1      | Reached XP level 5. HP: 32/32 MP: 5/5
   897 | D:1      | 897 ||| UPGRADING to ring of protection from cold.
   898 | D:1      | 898 ||| READING scroll labelled ECSISM WIANON.
   899 | D:1      | 899 ||| READING scroll labelled VUUFIKHLUPRU.
   904 | D:1      | 904 ||| READING scroll labelled JORGHE ONUREH.
   905 | D:1      | 905 ||| READING scroll labelled KAITZO USAFI.
  1067 | D:2      | Noticed Natasha
  1068 | D:2      | 1068 ||| Stepping ~*~*~tactically~*~*~ (hiding).
  1069 | D:2      | 1069 ||| Stepping ~*~*~tactically~*~*~ (hiding).
  1070 | D:2      | 1070 ||| Stepping ~*~*~tactically~*~*~ (hiding).
  1071 | D:2      | 1071 ||| Stepping ~*~*~tactically~*~*~ (hiding).
  1075 | D:2      | Killed Natasha
  1076 | D:2      | Reached skill level 1 in Throwing
  1091 | D:2      | Noticed Natasha
  1099 | D:2      | Killed Natasha
  1199 | D:2      | Found a glowing golden altar of the Shining One.
  1272 | D:2      | Noticed Natasha
  1273 | D:2      | 1273 ||| Stepping ~*~*~tactically~*~*~ (hiding).
  1284 | D:2      | Killed Natasha
  1285 | D:2      | Reached skill level 5 in Axes
  1429 | D:2      | 1429 ||| UPGRADING to +0 pair of gloves.
  1434 | D:2      | 1434 ||| UPGRADING to +6 ring of dexterity.
  1435 | D:2      | 1435 ||| READING scroll labelled IBAQEU XEUNU.
  1563 | D:3      | 1563 ||| Stepping ~*~*~tactically~*~*~ (stealth).
  1637 | D:3      | 1637 ||| DROPPING +0 club.
  1702 | D:3      | 1702 ||| READING scroll of enchant weapon.
  1702 | D:3      | 1702 ||| ENCHANTING +1 war axe.
  1732 | D:3      | Reached XP level 6. HP: 37/37 MP: 6/6
  1747 | D:3      | Reached skill level 1 in Dodging
  1815 | D:3      | Found Cyjiton's Book Shoppe.
  2149 | D:3      | Found a faded altar of an unknown god.
  2150 | D:3      | 2150 ||| DROPPING +0 mace.
  2155 | D:3      | 2155 ||| UPGRADING to +6 ring of strength.
  2157 | D:3      | 2157 ||| UPGRADING to ring of protection from cold.
  2159 | D:3      | 2159 ||| READING scroll labelled GEANYSULLI.
  2160 | D:3      | 2160 ||| READING scroll labelled ZUDWUA TEPPUCK.
  2161 | D:3      | 2161 ||| DRINKING 2 murky red potions.
  2162 | D:3      | 2162 ||| DROPPING potion of magic.
  2339 | D:4      | Found a blossoming altar of Fedhas.
  2339 | D:4      | Found a glowing golden altar of the Shining One.
  2415 | D:4      | Found a staircase to the Ecumenical Temple.
  2416 | D:4      | 2416 ||| PLANNING TEMPLE
  2416 | D:4      | 2416 ||| READING scroll labelled YHYOCR JITEVVI.
  2417 | D:4      | 2417 ||| DRINKING 2 purple potions.
  2418 | D:4      | 2418 ||| READING 2 scrolls of identify.
  2418 | D:4      | 2418 ||| IDENTIFYING viscous silvery potion
  2429 | Temple   | Entered the Ecumenical Temple
  2430 | Temple   | 2430 ||| PLANNING OKAWARU WORSHIP
  2437 | Temple   | Became a worshipper of Warmaster Okawaru
  2438 | Temple   | 2438 ||| PLANNING D:1-11
  2723 | D:4      | Found a white marble altar of Elyvilon.
  2723 | D:4      | Found a stormy altar of Qazlal.
  2876 | D:4      | 2876 ||| DROPPING +1 leather armour of fire resistance.
  2877 | D:4      | 2877 ||| UPGRADING to +0 chain mail.
  2887 | D:4      | 2887 ||| DROPPING +0 scale mail.
  2888 | D:4      | 2888 ||| DRINKING 3 fizzy orange potions.
  2889 | D:4      | 2889 ||| DRINKING 2 bubbling grey potions.
  2890 | D:4      | 2890 ||| DROPPING potion of brilliance.
  2945 | D:5      | Entered Level 5 of the Dungeon
  2952 | D:5      | 2952 ||| Stepping ~*~*~tactically~*~*~ (hiding).
  2954 | D:5      | 2954 ||| Stepping ~*~*~tactically~*~*~ (hiding).
  2969 | D:5      | Reached skill level 6 in Axes
  2969 | D:5      | Reached XP level 7. HP: 14/43 MP: 7/7
  2969 | D:5      | HP: 8/43 [gnoll/+0 spear[a gnoll sergeant] (4)]
  2970 | D:5      | 2970 ||| READING scroll of teleportation.
  2970 | D:5      | HP: 1/43 [gnoll/+0 spear[a gnoll sergeant] (7)]
  2971 | D:5      | Slain by a gnoll

Levels and vault maps discovered:
D:1:      lemuel_arrival_cross, layout_basic, minmay_cupped
D:2:      cheibrodos_greedy_goblins, layout_loops_ring, basic_altar, uniq_robin,
          uniq_jessica, uniq_natasha
D:3:      layout_loops_cross, serial_shops, shop,
          dreamdust_ecumenical_altar_hidden_monk_grotto, grunt_ministairs_10
D:4:      layout_loops_ring, gammafunk_temple_overflow_wave, minitemple,
          minmay_temple_entry_offerings
D:5:      layout_loops_cross
Temple:   nicolae_temple_no_exploring_needed

Skill      XL: |  1  2  3  4  5  6 |
---------------+-------------------+-----
Axes           | 3 4 5 6 |  6.1
Throwing       | 1 |  1.1
Dodging        | 1 |  1.0
Fighting       | 4 |  4.2
Armour         | |  3.2
Shields        | |  3.2

Action                   |  1- 3 |  4- 6 |  7- 9 || total
-------------------------+-------+-------+-------++-------
Melee: War axe           |    44 |   175 |     1 ||   220
Throw: Javelin           |       |    18 |       ||    18
  Use: Scroll            |       |    13 |     1 ||    14
       Potion            |       |     5 |       ||     5
Armor: Scale mail        |    25 |    87 |       ||   112
       Chain mail        |       |    11 |     1 ||    12
Dodge: Dodged            |    26 |    82 |       ||   108
Block: Buckler           |     9 |    35 |       ||    44

Table legend:
 A = Non-vault XP
 B = Vault XP
 C = Vault XP percentage of total XP
 D = Non-vault monster count
 E = Vault monster count
 F = Vault count percentage of total count
                 A         B        C        D         E       F
            +---------+---------+-------+---------+---------+-------
      Total |     546 |     131 |  19.4 |      73 |      26 |  26.3
            +---------+---------+-------+---------+---------+-------
        D:1 |      39 |       8 |  17.0 |      21 |       4 |  16.0
        D:2 |     129 |     121 |  48.4 |      22 |      21 |  48.8
        D:3 |      59 |       2 |   3.3 |      22 |       1 |   4.3
        D:4 |     213 |       0 |   0.0 |       6 |       0 |   0.0
        D:5 |     106 |       0 |   0.0 |       2 |       0 |   0.0
            +---------+---------+-------+---------+---------+-------
